Map: 프리온 단구

Players

IIIIIlllllll - Winner!

  • Race: Zerg Zerg
  • League: Grandmaster

llllllllllll (Scarlett)

  • Race: Zerg Zerg
  • League: Grandmaster

VOD

Have the link to the VOD?

Description

Time

  • Played on: April 10, 2016, 5:29 a.m.
  • Length: 16:37
Show
View Real Time Build Order
Export as new Build Order

IIIIIlllllll Zerg - Winner!

Build Orders: Pool First 

Get SALT Encoding   

  12  0:18  Spawning Pool  
  11  0:21  Drone  
  11  0:27  Drone  
  13  0:29  Extractor  
  13  0:34  Drone  
  13  0:43  Overlord  
  13  1:05  Zergling x6  
  13  1:11  Queen  
  18  1:19  Zergling x2  
  19  1:26  Zergling x2  
  20  1:33  Metabolic Boost  
  20  1:39  Zergling x2  
  21  1:56  Baneling Nest  
  21  2:00  Zergling x2  
  21  2:08  Overlord  
  21  2:28  Drone x3  
  24  2:32  Drone x2  
  25  2:42  Zergling x2  
  22  2:50  Queen  
  24  2:56  Zergling x2  
  24  3:03  Baneling  
  24  3:04  Baneling  
  21  3:18  Drone x2  
  23  3:22  Drone  
  24  3:45  Hatchery  
  22  3:49  Zergling x2  
  22  3:53  Drone  
  22  3:54  Drone  
  25  4:01  Drone  
  25  4:02  Drone  
  27  4:06  Drone  
  27  4:08  Baneling  
  28  4:10  Baneling  
  28  4:13  Drone  
  29  4:21  Overlord  
  29  4:22  Extractor  
  28  4:28  Drone x2  
  30  4:40  Drone  
  30  4:44  Lair  
  31  4:46  Drone x2  
  31  4:49  Drone  
  31  4:52  Drone  
  35  5:02  Drone x2  
  37  5:08  Drone  
  37  5:11  Zergling x2  
  39  5:19  Drone  
  39  5:20  Drone  
  41  5:22  Spine Crawler  
  41  5:25  Overlord  
  41  5:27  Drone x2  
  42  5:28  Extractor  
  42  5:30  Extractor  
  42  5:33  Drone  
  41  5:35  Overlord  
  41  5:39  Drone  
  42  5:45  Spire  
  41  5:50  Drone  
  41  5:51  Drone x3  
  43  5:58  Drone x2  
  40  6:12  Drone  
  40  6:13  Drone x3  
  40  6:17  Zergling x4  
  46  6:19  Zergling x2  
  46  6:22  Zergling x2  
  46  6:24  Zergling x2  
  49  6:27  Zergling x4  
  49  6:32  Drone  
  51  6:35  Overseer  
  51  6:38  Baneling x2  
  51  6:47  Drone x2  
  51  6:48  Spine Crawler  
  51  6:50  Spine Crawler  
  51  6:56  Baneling x2  
  51  6:58  Mutalisk x3, Baneling  
  51  7:00  Mutalisk  
  59  7:02  Baneling x2  
  59  7:07  Overlord  
  59  7:08  Overlord  
  59  7:11  Zerg Flyer Weapons Level 1  
  59  7:18  Baneling  
  59  7:27  Mutalisk x2  
  62  7:33  Overlord  
  58  7:37  Drone  
  58  7:40  Mutalisk x2  
  58  7:42  Drone x2  
  58  7:43  Drone  
  65  7:46  Mutalisk  
  65  7:49  Overlord  
  67  7:54  Drone  
  67  7:55  Roach Warren  
  67  7:59  Evolution Chamber  
  67  8:00  Drone  
  67  8:06  Hatchery, Drone  
  67  8:08  Drone x2  
  67  8:09  Drone x2  
  71  8:16  Drone  
  72  8:20  Drone  
  72  8:21  Baneling  
  72  8:23  Overlord  
  72  8:26  Zerg Missile Weapons Level 1  
  73  8:31  Hatchery  
  73  8:34  Overlord x4  
  73  8:43  Glial Reconstitution  
  73  8:45  Roach x4  
  73  8:47  Roach  
  83  8:50  Roach  
  83  8:51  Roach  
  87  8:55  Queen  
  87  9:01  Roach  
  90  9:04  Roach  
  90  9:07  Roach  
  87  9:10  Roach  
  87  9:12  Roach  
  87  9:13  Queen  
  91  9:21  Drone x2  
  88  9:32  Queen  
  90  9:38  Mutalisk x2  
  90  9:40  Mutalisk  
  96  9:46  Mutalisk  
  96  9:47  Mutalisk  
  100  9:54  Extractor, Drone x3  
  102  10:00  Extractor  
  102  10:01  Zergling x2  
  102  10:02  Zergling x4  
  104  10:07  Mutalisk x2  
  104  10:11  Drone  
  104  10:12  Drone x2  
  111  10:14  Mutalisk  
  111  10:17  Overseer  
  111  10:21  Zerg Flyer Weapons Level 2  
  113  10:24  Baneling  
  113  10:25  Baneling x5  
  113  10:33  Mutalisk  
  113  10:35  Overlord  
  115  10:36  Overlord  
  115  10:44  Drone x5  
  120  11:04  Drone  
  120  11:07  Evolution Chamber  
  120  11:08  Roach x5  
  129  11:11  Overlord  
  129  11:14  Overseer, Hatchery  
  129  11:15  Overlord  
  128  11:28  Roach  
  128  11:29  Roach x3  
  136  11:38  Roach x6  
  148  11:40  Overlord  
  148  11:42  Overlord  
  148  11:46  Overlord  
  148  11:54  Roach x2  
  152  11:57  Zerg Ground Armor Level 1  
  152  11:59  Zerg Missile Weapons Level 2  
  152  12:09  Overlord x3  
  152  12:12  Ravager x5  
  152  12:14  Ravager x2  
  152  12:15  Ravager  
  160  12:16  Ravager  
  160  12:18  Ravager x2  
  163  12:41  Roach x10  
  183  12:46  Pneumatized Carapace  
  183  12:50  Ravager x2  
  185  12:51  Roach x3  
  185  12:54  Spine Crawler  
  185  12:55  Drone x2  
  192  13:04  Roach  
  192  13:05  Roach x2  
  186  13:14  Roach x6  
  186  13:18  Roach x2  
  178  13:22  Ravager x3  
  181  13:31  Drone x3  
  181  13:32  Extractor  
  183  13:34  Extractor  
  183  13:36  Roach  
  183  13:37  Roach  
  183  13:40  Hatchery  
  185  13:41  Roach x2  
  185  13:45  Ravager x3  
  192  13:53  Roach x4  
  192  13:55  Ravager  
  121  14:48  Roach x18  
  121  14:49  Roach x2  
  148  14:55  Roach  
  148  14:56  Roach x7  
  158  15:06  Roach x4  
  166  15:08  Ravager x2  
  166  15:09  Ravager x2  
  156  15:16  Roach x2  
  156  15:20  Roach  
  154  15:27  Drone x3  
  155  15:29  Ravager x6  
  161  15:38  Roach x3  
  165  15:43  Roach  
  165  15:44  Roach x2  
  165  15:46  Overseer  
  165  15:47  Overseer  
  171  15:53  Roach  
  171  15:54  Roach  
  173  16:07  Roach x6  
Show
View Real Time Build Order
Export as new Build Order

llllllllllll Zerg 

Build Orders: Pool First 

Get SALT Encoding   

  12  0:00  Drone  
  13  0:09  Drone  
  14  0:18  Extractor, Drone  
  14  0:32  Spawning Pool  
  13  0:36  Drone  
  14  0:43  Overlord  
  14  0:52  Extractor  
  14  0:53  Drone  
  15  1:03  Drone  
  16  1:08  Drone  
  17  1:18  Metabolic Boost  
  17  1:20  Queen  
  19  1:26  Zergling x2  
  19  1:28  Zergling x2  
  19  1:32  Zergling x2  
  22  1:43  Baneling Nest  
  21  1:50  Overlord  
  21  1:53  Zergling x2  
  22  2:13  Hatchery  
  21  2:21  Zergling x4  
  22  2:26  Queen  
  25  2:32  Baneling x3  
  25  2:35  Zergling x2  
  25  2:36  Zergling x4  
  23  2:55  Zergling x6  
  23  3:06  Baneling  
  23  3:18  Hatchery  
  23  3:19  Drone  
  21  3:30  Drone x2  
  23  3:34  Drone  
  23  3:37  Baneling  
  24  3:44  Queen  
  26  3:51  Drone  
  27  3:59  Drone  
  27  4:00  Drone  
  29  4:09  Evolution Chamber, Drone  
  29  4:13  Drone  
  30  4:29  Overlord  
  30  4:30  Drone x2  
  32  4:34  Drone  
  33  4:40  Zerg Ground Armor Level 1  
  33  4:45  Drone  
  34  4:52  Zergling x8  
  38  4:57  Extractor  
  37  5:03  Overlord  
  37  5:06  Drone  
  37  5:07  Queen, Drone  
  39  5:11  Baneling  
  39  5:13  Drone  
  42  5:15  Baneling x2  
  42  5:19  Drone  
  42  5:20  Drone  
  44  5:25  Baneling  
  44  5:39  Hatchery  
  44  5:40  Drone x2  
  45  5:46  Drone x3  
  46  5:59  Zergling x12  
  49  6:14  Overlord x2, Queen  
  51  6:18  Overlord x2  
  51  6:20  Zergling x2  
  51  6:30  Overlord  
  48  6:35  Zergling x10  
  53  6:46  Zerg Melee Weapons Level 1  
  53  6:47  Zergling x10  
  53  6:51  Baneling x8  
  53  6:52  Baneling  
  53  6:53  Baneling  
  58  6:55  Baneling  
  58  6:56  Baneling  
  58  7:01  Zergling x2  
  58  7:02  Zergling x4  
  61  7:09  Lair  
  61  7:15  Zergling x12  
  65  7:31  Zergling x18  
  70  7:39  Queen  
  70  7:40  Queen  
  70  7:43  Spore Crawler  
  72  7:52  Drone x4  
  72  7:56  Spore Crawler  
  75  7:59  Drone x4  
  75  8:03  Spore Crawler  
  75  8:05  Spore Crawler  
  77  8:07  Spore Crawler  
  77  8:12  Drone x3  
  77  8:16  Drone  
  77  8:17  Drone  
  79  8:28  Infestation Pit  
  79  8:30  Drone x2  
  79  8:31  Drone  
  79  8:32  Queen  
  80  8:35  Drone x3  
  80  8:38  Extractor  
  80  8:39  Extractor  
  81  8:46  Overlord x2  
  81  8:48  Overlord  
  81  8:53  Zerg Melee Weapons Level 2  
  80  9:04  Queen  
  80  9:08  Queen  
  77  9:11  Zergling x28  
  88  9:23  Pathogen Glands  
  83  9:25  Roach Warren  
  83  9:26  Zergling x8  
  83  9:27  Zergling x12  
  83  9:30  Queen  
  91  9:45  Drone x3  
  94  9:51  Infestor x3  
  100  9:55  Infestor  
  100  9:57  Overlord x4  
  101  10:10  Drone  
  101  10:14  Drone x3  
  105  10:18  Roach  
  105  10:19  Roach x4  
  115  10:27  Roach x3  
  121  10:33  Roach x3  
  127  10:38  Roach  
  127  10:39  Roach, Overlord  
  127  10:40  Overlord x3  
  127  10:41  Overlord x2  
  131  10:45  Roach  
  133  10:54  Overlord  
  133  10:55  Roach x2  
  136  10:58  Extractor  
  136  11:00  Extractor  
  136  11:04  Drone x3  
  137  11:09  Zerg Missile Weapons Level 1  
  137  11:11  Hatchery  
  136  11:12  Roach  
  136  11:13  Roach x4  
  146  11:24  Drone  
  146  11:25  Roach Warren  
  146  11:46  Overlord, Infestor x3  
  146  11:47  Infestor  
  148  11:50  Hatchery  
  148  11:51  Burrow  
  153  11:58  Hydralisk Den  
  152  12:09  Drone x2  
  152  12:10  Spore Crawler  
  153  12:16  Hive  
  153  12:17  Roach x8  
  169  12:25  Glial Reconstitution  
  163  12:37  Roach x8  
  176  12:51  Hydralisk, Lurker Den  
  176  12:52  Hydralisk  
  180  13:03  Extractor  
  178  13:08  Roach x9  
  196  13:23  Evolution Chamber  
  196  13:24  Drone x3  
  198  13:27  Extractor  
  198  13:29  Extractor  
  198  13:31  Zerg Ground Armor Level 2  
  193  13:43  Tunneling Claws  
  193  13:56  Zerg Melee Weapons Level 3  
  193  14:00  Adrenal Glands  
  193  14:07  Infestor x2  
  193  14:12  Ultralisk Cavern  
  192  14:22  Hatchery  
  192  14:23  Lurker x2  
  129  14:49  Drone  
  129  14:50  Drone x9  
  133  14:55  Drone x6  
  133  14:56  Drone x9  
  143  15:00  Chitinous Plating  
  139  15:13  Drone x2  
  136  15:21  Ultralisk  
  136  15:23  Ultralisk  
  148  15:41  Zergling x18  
  147  15:51  Roach x14  
  147  15:52  Hydralisk x5  
Tags
 
Add a new tag
Caveats
  • Supply blocks, unpowered buildings, or Contaminate may cause inaccurate times.
  • Supply counts are checked every 10 seconds.